TEX
ARKANSAS TRAVELERS @ SPRINGFIELD CARDINALS
09/08/2098
 
TOP OF THE 1ST
Arkansas Travelers batting - Pitching for Springfield Cardinals : RHP Miguel Cervantes
Pitching: RHP Miguel Cervantes
Batting: RHB John Tinker 0-0: Called Strike
0-1: Foul Ball, location: 9LSF
0-2: Ball
1-2: Strikes out swinging
Batting: RHB Jon Vance 0-0: Foul Ball, location: 2F
0-1: Ball
1-1: Ball
2-1: Foul Ball, location: 9LMF
2-2: Strikes out swinging
Batting: LHB Bobby Errington 0-0: Ball
1-0: Ball
2-0: Foul Ball, location: 2F
2-1: SINGLE (Line Drive, 7LS, EV 103.8 MPH)
Batting: LHB Danny Tijerina 0-0: Ball
1-0: Ball
2-0: Ball
3-0: Base on Balls
Bobby Errington to second
Batting: RHB Jon Fuentes 0-0: Called Strike
0-1: Ball
1-1: Fly out, F8 (Line Drive, 8LD, EV 93.8 MPH)
Top of the 1st over - 0 runs, 1 hit, 0 errors, 2 left on base; Arkansas 0 - Springfield 0
BOTTOM OF THE 1ST
Springfield Cardinals batting - Pitching for Arkansas Travelers : RHP Dave Jackson
Pitching: RHP Dave Jackson
Batting: LHB Dave Chapa 0-0: Ball
1-0: Ball
2-0: Ground out 4-3 (Groundball, 4, EV 83.1 MPH)
Batting: LHB Josh Gregg 0-0: Ground out 4-3 (Groundball, 34, EV 76.9 MPH)
Batting: LHB Jon Carlson 0-0: Ball
1-0: Ball
2-0: Swinging Strike
2-1: Ground out U3 (Groundball, 3, EV 108.1 MPH)
Bottom of the 1st over - 0 runs, 0 hits, 0 errors, 0 left on base; Arkansas 0 - Springfield 0
TOP OF THE 2ND
Arkansas Travelers batting - Pitching for Springfield Cardinals : RHP Miguel Cervantes
Batting: RHB Bob Poor 0-0: Ball
1-0: Called Strike
1-1: Ball
2-1: Ball
3-1: Called Strike
3-2: Ground out 6-3 (Groundball, 56D, EV 84.4 MPH)
Batting: RHB Adam Scott 0-0: Called Strike
0-1: Ball
1-1: Ball
2-1: Called Strike
2-2: Strikes out looking
Batting: LHB Josh Murry 0-0: Foul Ball, location: 3F
0-1: Foul Ball, location: 2F
0-2: Foul Ball, location: 5FF
0-2: Foul Ball, location: 2F
0-2: Ball
1-2: Strikes out swinging
Top of the 2nd over - 0 runs, 0 hits, 0 errors, 0 left on base; Arkansas 0 - Springfield 0
BOTTOM OF THE 2ND
Springfield Cardinals batting - Pitching for Arkansas Travelers : RHP Dave Jackson
Batting: LHB Alex Carranza 0-0: Fly out, F9 (Flyball, 89D, EV 103.1 MPH)
Batting: LHB Mike Bownds 0-0: Ball
1-0: Foul Ball, location: 2F
1-1: Called Strike
1-2: Strikes out swinging
Batting: LHB Tony Schulze 0-0: Ball
1-0: SINGLE (Line Drive, 78S, EV 105.0 MPH)
Batting: RHB Dave Mora 0-0: Ball
1-0: Called Strike
1-1: Ball
2-1: Ball
3-1: Foul Ball, location: 2F
3-2: Base on Balls
Tony Schulze to second
Batting: RHB Jon Kalbacher 0-0: Ball
1-0: SINGLE (Groundball, 56S, EV 66.9 MPH) (infield hit)
Tony Schulze to third
Dave Mora to second
Batting: RHB Jason Garcia 0-0: Called Strike
0-1: Ball
1-1: Ball
2-1: SINGLE (Groundball, 6D, EV 105.6 MPH)
Tony Schulze scores
Dave Mora to third
Jon Kalbacher to second
Runner from 3rd tries for Home, SAFE, throw by LF to home
Batting: LHB Dave Chapa 0-0: Ball
1-0: Ball
2-0: Ball
3-0: Called Strike
3-1: SINGLE (Groundball, 34D, EV 104.4 MPH)
Jon Kalbacher to third
Jason Garcia to second
Runner from 3rd tries for Home, SAFE, throw by RF to home
Batting: LHB Josh Gregg 0-0: Called Strike
0-1: Called Strike
0-2: Ball
1-2: Strikes out swinging
Bottom of the 2nd over - 3 runs, 4 hits, 0 errors, 2 left on base; Arkansas 0 - Springfield 3
TOP OF THE 3RD
Arkansas Travelers batting - Pitching for Springfield Cardinals : RHP Miguel Cervantes
Batting: RHB Jim Unknown 0-0: Foul Ball, location: 2F
0-1: Swinging Strike
0-2: Ball
1-2: Ball
2-2: Foul Ball, location: 2F
2-2: Strikes out swinging
Batting: RHB John Tinker 0-0: Called Strike
0-1: Ball
1-1: Fly out, F3 (Popup, 3SF, EV 78.1 MPH)
Batting: RHB Jon Vance 0-0: Ground out 5-3 (Groundball, 56S, EV 80.6 MPH)
Top of the 3rd over - 0 runs, 0 hits, 0 errors, 0 left on base; Arkansas 0 - Springfield 3
BOTTOM OF THE 3RD
Springfield Cardinals batting - Pitching for Arkansas Travelers : RHP Dave Jackson
Batting: LHB Jon Carlson 0-0: Reached on error, E4 (Groundball, 4, EV 85.6 MPH)
Batting: LHB Alex Carranza 0-0: Called Strike
0-1: Ball
1-1: Swinging Strike
1-2: Strikes out swinging
Batting: LHB Mike Bownds 0-0: Called Strike
0-1: SINGLE (Groundball, 34, EV 104.4 MPH)
Jon Carlson to second
Runner from 2nd tries for 3rd, SAFE, no throw by RF
Batting: LHB Tony Schulze 0-0: Foul Ball, location: 7LMF
0-1: Foul Ball, location: 2F
0-2: Ball
1-2: Strikes out swinging
Batting: RHB Dave Mora 0-0: Ball
1-0: Ball
2-0: DOUBLE (Flyball, 8RXD, EV 101.3 MPH)
Jon Carlson scores
Mike Bownds to third
Batting: RHB Jon Kalbacher 0-0: SINGLE (Groundball, 56S, EV 71.9 MPH) (infield hit)
Mike Bownds scores
Dave Mora to third
Batting: RHB Jason Garcia 0-0: Ball
1-0: SINGLE (Groundball, 34, EV 104.4 MPH) (infield hit)
Dave Mora scores
Jon Kalbacher to second
Pitching: RHP Todd Bristcoe
Batting: LHB Dave Chapa 0-0: Foul Ball, location: 2F
0-1: Ball
1-1: Swinging Strike
1-2: Strikes out swinging
Bottom of the 3rd over - 3 runs, 4 hits, 1 error, 2 left on base; Arkansas 0 - Springfield 6
TOP OF THE 4TH
Arkansas Travelers batting - Pitching for Springfield Cardinals : RHP Miguel Cervantes
Batting: LHB Bobby Errington 0-0: Ball
1-0: Called Strike
1-1: Fly out, F4 (Line Drive, 4D, EV 72.5 MPH)
Batting: LHB Danny Tijerina 0-0: Called Strike
0-1: Ball
1-1: DOUBLE (Groundball, 3L, EV 106.9 MPH)
Batting: RHB Jon Fuentes 0-0: Swinging Strike
0-1: Ball
1-1: Ball
2-1: 2-RUN HOME RUN (Flyball, 78XD, EV 97.5 MPH), Distance : 391 ft
Batting: RHB Bob Poor 0-0: Fly out, F9 (Flyball, 9, EV 90.6 MPH)
Batting: RHB Adam Scott 0-0: Called Strike
0-1: Called Strike
0-2: Strikes out looking
Top of the 4th over - 2 runs, 2 hits, 0 errors, 0 left on base; Arkansas 2 - Springfield 6
BOTTOM OF THE 4TH
Springfield Cardinals batting - Pitching for Arkansas Travelers : RHP Todd Bristcoe
Batting: LHB Josh Gregg 0-0: Foul Ball, location: 2F
0-1: Ball
1-1: Ball
2-1: Ground out U3 (Groundball, 3, EV 83.8 MPH)
Batting: LHB Jon Carlson 0-0: Ball
1-0: Swinging Strike
1-1: Ball
2-1: Ball
3-1: SINGLE (Line Drive, 3L, EV 96.3 MPH)
Batting: LHB Alex Carranza 0-0: Foul Ball, location: 7LMF
0-1: SINGLE (Flyball, 89S, EV 93.8 MPH)
Jon Carlson to second
Batting: LHB Mike Bownds 0-0: Called Strike
0-1: Swinging Strike
0-2: Ball
1-2: Ball
2-2: Fly out, F8 (Flyball, 78D, EV 106.3 MPH)
Batting: LHB Tony Schulze 0-0: Swinging Strike
0-1: Foul Ball, location: 23F
0-2: Strikes out swinging
Bottom of the 4th over - 0 runs, 2 hits, 0 errors, 2 left on base; Arkansas 2 - Springfield 6
TOP OF THE 5TH
Arkansas Travelers batting - Pitching for Springfield Cardinals : RHP Miguel Cervantes
Batting: LHB Josh Murry 0-0: Ball
1-0: Ball
2-0: Called Strike
2-1: Ball
3-1: Swinging Strike
3-2: Base on Balls
Batting: RHB Jim Unknown 0-0: Called Strike
0-1: Called Strike
0-2: Strikes out swinging
Batting: RHB John Tinker 0-0: Fly out, F6 (Line Drive, 6, EV 66.3 MPH)
Batting: RHB Jon Vance 0-0: Ball
1-0: Fly out, F8 (Flyball, 8RD, EV 108.1 MPH)
Top of the 5th over - 0 runs, 0 hits, 0 errors, 1 left on base; Arkansas 2 - Springfield 6
BOTTOM OF THE 5TH
Springfield Cardinals batting - Pitching for Arkansas Travelers : RHP Todd Bristcoe
Batting: RHB Dave Mora 0-0: Foul Ball, location: 9LDF
0-1: Fly out, F8 (Flyball, 78S, EV 90.0 MPH)
Batting: RHB Jon Kalbacher 0-0: Ball
1-0: Ball
2-0: Called Strike
2-1: Foul Ball, location: 3F
2-2: Ball
3-2: Foul Ball, location: 3FF
3-2: Fly out, F9 (Flyball, 89D, EV 103.1 MPH)
Batting: RHB Jason Garcia 0-0: Foul Ball, location: 2F
0-1: SINGLE (Groundball, 5D, EV 95.0 MPH)
Batting: LHB Dave Chapa 0-0: Ball
1-0: Swinging Strike
1-1: Swinging Strike
1-2: Fielders Choice at 2nd, 6-4 (Groundball, 6, EV 78.1 MPH)
Bottom of the 5th over - 0 runs, 1 hit, 0 errors, 1 left on base; Arkansas 2 - Springfield 6
TOP OF THE 6TH
Arkansas Travelers batting - Pitching for Springfield Cardinals : RHP Miguel Cervantes
Batting: LHB Bobby Errington 0-0: Ground out 4-3 (Groundball, 4, EV 101.3 MPH)
Batting: LHB Danny Tijerina 0-0: Called Strike
0-1: Ball
1-1: Swinging Strike
1-2: Foul Ball, location: 5F
1-2: Fly out, F7 (Flyball, 78M, EV 96.9 MPH)
Batting: RHB Jon Fuentes 0-0: Ball
1-0: Fly out, F7 (Flyball, 7D, EV 95.0 MPH)
Top of the 6th over - 0 runs, 0 hits, 0 errors, 0 left on base; Arkansas 2 - Springfield 6
BOTTOM OF THE 6TH
Springfield Cardinals batting - Pitching for Arkansas Travelers : RHP Todd Bristcoe
Batting: LHB Josh Gregg 0-0: Ground out 6-3 (Groundball, 6, EV 108.8 MPH)
Batting: LHB Jon Carlson 0-0: Ball
1-0: Called Strike
1-1: Ball
2-1: Ball
3-1: SINGLE (Groundball, 34D, EV 99.4 MPH)
Pitching: RHP Taylor Tindall
Batting: LHB Alex Carranza 0-0: Called Strike
0-1: Called Strike
0-2: Strikes out swinging
Batting: LHB Mike Bownds 0-0: Foul Ball, location: 3F
0-1: Swinging Strike
0-2: Ball
1-2: Ball
2-2: Ball
3-2: Ground out 4-3 (Groundball, 34S, EV 84.4 MPH)
Bottom of the 6th over - 0 runs, 1 hit, 0 errors, 1 left on base; Arkansas 2 - Springfield 6
TOP OF THE 7TH
Arkansas Travelers batting - Pitching for Springfield Cardinals : RHP Miguel Cervantes
Batting: RHB Bob Poor 0-0: Ball
1-0: SINGLE (Groundball, 6D, EV 100.6 MPH)
Batting: RHB Adam Scott 0-0: Foul Ball, location: 2LF
0-1: Called Strike
0-2: Ball
1-2: Strikes out looking
Batting: LHB Josh Murry 0-0: Called Strike
0-1: Foul Ball, location: 9LMF
0-2: Ball
1-2: Foul Ball, location: 7LMF
1-2: Foul Ball, location: 5F
1-2: Ball
2-2: Strikes out swinging
Batting: RHB Jim Unknown 0-0: Foul Ball, location: 9LSF
0-1: Called Strike
0-2: Ball
1-2: Strikes out swinging
Top of the 7th over - 0 runs, 1 hit, 0 errors, 1 left on base; Arkansas 2 - Springfield 6
BOTTOM OF THE 7TH
Springfield Cardinals batting - Pitching for Arkansas Travelers : RHP Taylor Tindall
Batting: LHB Tony Schulze 0-0: SINGLE (Line Drive, 8LS, EV 91.3 MPH)
Batting: RHB Dave Mora 0-0: Ball
1-0: Swinging Strike
1-1: Swinging Strike
1-2: Ball
2-2: Ball
3-2: Foul Ball, location: 2F
3-2: Strikes out swinging
Batting: RHB Jon Kalbacher 0-0: Called Strike
0-1: Ball
1-1: Fielders Choice at 2nd, 6-4 (Groundball, 6M, EV 87.5 MPH)
Batting: RHB Jason Garcia 0-0: Ball
Jon Kalbacher steals 2nd base
1-0: Called Strike
1-1: Swinging Strike
1-2: Ball
2-2: Strikes out looking
Bottom of the 7th over - 0 runs, 1 hit, 0 errors, 1 left on base; Arkansas 2 - Springfield 6
TOP OF THE 8TH
Arkansas Travelers batting - Pitching for Springfield Cardinals : RHP Miguel Cervantes
Batting: RHB John Tinker 0-0: Foul Ball, location: 2F
0-1: Called Strike
0-2: Ball
1-2: Ball
2-2: Strikes out swinging, 2-3 out at first.
Batting: RHB Jon Vance 0-0: Ball
1-0: Called Strike
1-1: Foul Ball, location: 3SF
1-2: Strikes out swinging
Batting: LHB Bobby Errington 0-0: Ball
1-0: Ball
2-0: Ball
3-0: Base on Balls
Batting: LHB Danny Tijerina 0-0: Ball
1-0: Called Strike
1-1: Fielders Choice at 2nd, 5-4 (Groundball, 56, EV 95.0 MPH)
Top of the 8th over - 0 runs, 0 hits, 0 errors, 1 left on base; Arkansas 2 - Springfield 6
BOTTOM OF THE 8TH
Springfield Cardinals batting - Pitching for Arkansas Travelers : RHP Taylor Tindall
Batting: LHB Dave Chapa 0-0: Ball
1-0: Foul Ball, location: 3SF
1-1: Called Strike
1-2: SINGLE (Line Drive, 78S, EV 102.5 MPH)
Batting: LHB Josh Gregg 0-0: Ball
1-0: DOUBLE (Line Drive, 8LXD, EV 103.1 MPH)
Dave Chapa to third
Batting: LHB Jon Carlson 0-0: Called Strike
0-1: Swinging Strike
0-2: Ball
1-2: Ball
2-2: Strikes out swinging
Batting: LHB Alex Carranza 0-0: Ball
1-0: Swinging Strike
1-1: Foul Ball, location: 2F
1-2: Foul Ball, location: 23F
1-2: Ball
2-2: Ball
3-2: Base on Balls
Batting: LHB Mike Bownds 0-0: Swinging Strike
0-1: Foul Ball, location: 2F
0-2: Strikes out looking
Batting: LHB Tony Schulze 0-0: Ball
1-0: Foul Ball, location: 7LSF
1-1: Foul Ball, location: 3FF
1-2: Ball
2-2: Foul Ball, location: 2F
2-2: Ball
3-2: Base on Balls
Dave Chapa scores
Josh Gregg to third
Alex Carranza to second
Batting: RHB Dave Mora 0-0: Called Strike
0-1: Ball
1-1: Called Strike
1-2: Foul Ball, location: 9LMF
1-2: Ball
2-2: GRAND SLAM HOME RUN (Flyball, 89XD, EV 105.0 MPH), Distance : 413 ft
Batting: RHB Jon Kalbacher 0-0: Ball
1-0: Ball
2-0: Ball
3-0: Base on Balls
Batting: RHB Jason Garcia 0-0: Ball
1-0: SINGLE (Line Drive, 9S, EV 106.9 MPH)
Jon Kalbacher to second
Batting: LHB Dave Chapa 0-0: Fly out, F7 (Line Drive, 7LM, EV 92.5 MPH)
Bottom of the 8th over - 5 runs, 4 hits, 0 errors, 2 left on base; Arkansas 2 - Springfield 11
TOP OF THE 9TH
Arkansas Travelers batting - Pitching for Springfield Cardinals : RHP Miguel Cervantes
Batting: RHB Jon Fuentes 0-0: Foul Ball, location: 9LMF
0-1: Foul Ball, location: 2F
0-2: Ball
1-2: Ball
2-2: Fly out, F9 (Flyball, 89M, EV 93.1 MPH)
Batting: RHB Bob Poor 0-0: Ball
1-0: Ball
2-0: Ball
3-0: Called Strike
3-1: Called Strike
3-2: Strikes out looking
Batting: RHB Adam Scott 0-0: SINGLE (Line Drive, 4M, EV 96.9 MPH)
Batting: LHB Josh Murry 0-0: Ball
1-0: Ball
2-0: Foul Ball, location: 5FF
2-1: Ball
3-1: Base on Balls
Adam Scott to second
Pinch Hitting: LHB Erik Morehead 0-0: Swinging Strike
0-1: Ball
1-1: Ball
2-1: Foul Ball, location: 2F
2-2: Strikes out swinging
Top of the 9th over - 0 runs, 1 hit, 0 errors, 2 left on base; Arkansas 2 - Springfield 11
Sunday, April 14th , 2024 - OOTP Baseball 24.11 Build 85